 Dungeon Crawl Stone Soup version 0.31-a0-188-g5e087ee2ca (webtiles) character file.

Game seed: 5330861707449078442

341 qw the Skirmisher (level 6, -12/35 HPs)
             Began as a Deep Elf Hunter on June 22, 2023.
             Mangled by an ogre
             ... wielding a +0 giant spiked club
              (14 damage)
             ... on level 5 of the Dungeon.
             The game lasted 00:01:28 (3171 turns).

qw the Skirmisher (Deep Elf Hunter)                 Turns: 3171, Time: 00:01:28

Health: -12/35     AC:  7    Str: 10    XL:     6   Next: 30%
Magic:  8/8        EV: 11    Int: 14    God:
Gold:   180        SH:  0    Dex: 18    Spells: 5/5 levels left

rFire   . . .        Y - +0 arbalest
rCold   . . .        (shield currently unavailable)
rNeg    . . .        f - +0 ring mail
rPois   .            (no helmet)
rElec   .            d - +1 cloak
rCorr   .            (no gloves)
SInv    .            (no boots)
Will    .....        (no amulet)
Stlth   +            (no ring)
HPRegen 0.25/turn    (no ring)
MPRegen 0.11/turn

%: no passive effects
@: no status effects
A: no striking features
a: no special abilities


You were on level 5 of the Dungeon.
You visited 1 branch of the dungeon, and saw 5 of its levels.

You collected 180 gold pieces.


   Skills:
 - Level 2.1 Fighting
 + Level 9.8 Ranged Weapons
 - Level 2.4 Dodging
 - Level 1.2 Stealth


You had 5 spell levels left.
You didn't know any spells.
Your spell library was empty.

Inventory:

Hand Weapons
 Y - a +0 arbalest (weapon)
Armour
 d - a +1 cloak (worn)
 f - a +0 ring mail (worn)
Scrolls
 a - a scroll of identify
Potions
 b - a potion of haste
 e - a potion of ambrosia {unknown}
 h - 3 potions of curing
 j - a potion of heal wounds {unknown}
 k - a potion of lignification {unknown}
 l - a potion of mutation {unknown}
 n - a potion of might {unknown}

Dungeon Overview and Level Annotations

Branches:
Dungeon (5/15)
 Temple: D:4-7

Altars:
Ashenzari
Ru


Message History

You climb downwards.
There is a stone staircase leading up here.
Waypoint 4 assigned to D:5.
A kobold comes into view. It is wielding a +0 club.
The kobold shouts!
You hear a shout! x2
A hobgoblin comes into view. It is wielding a +0 club.
You hear a shout!
There are monsters nearby!
There are monsters nearby!
You hear a shout! x3
You enter the shallow water.
Moving in this stuff is going to be slow.
A hobgoblin is nearby!
A hobgoblin is nearby!
An ogre and a sleepcap come into view.
The ogre shouts!
You shoot a bolt. The bolt hits the sleepcap.
The sleepcap is lightly damaged.
A jelly comes into view.
You shoot a bolt. The jelly quivers.
The bolt hits the sleepcap!
The sleepcap is severely damaged.
You shoot a bolt. The bolt hits the sleepcap!
You destroy the sleepcap!
You shoot a bolt. The bolt hits the ogre!
The ogre is heavily wounded.
The ogre hits you with a +0 giant spiked club!!
Ouch! That really hurt!
You shoot a bolt. The bolt barely misses the ogre.
The ogre barely misses you.
You shoot a bolt. The bolt hits the ogre.
The ogre is severely wounded.
The jelly hits you but does no damage.
The ogre hits you with a +0 giant spiked club.
You shoot a bolt. The bolt hits the ogre.
The ogre is almost dead.
The jelly hits you but does no damage.
The ogre hits you with a +0 giant spiked club!
You die...

... ####
###~~~###
~~~~~~~~###
#~~~~~~~~~#
###~~~##.##
######.#####...
###.....<.......
#O@........###..
......J........##
................#
.####...........#
#.............#
#.............#
#..............
............


You could see an ogre and a jelly.

Vanquished Creatures
  An orc priest (D:3)
  2 iguanas (D:4)
  3 orc wizards
  A sleepcap (D:5)
  5 adders
  4 dart slugs
  13 orcs
  5 ball pythons
  11 endoplasms
  3 giant cockroaches
  9 goblins
  4 hobgoblins
  5 jackals
  2 kobolds
  5 quokkas
  5 bats (D:1)
  5 frilled lizards
  5 rats
88 creatures vanquished.

Notes
Turn   | Place    | Note
-------+----------+-------------------------------------------
     0 | D:1      | qw the Deep Elf Hunter began the quest for the Orb.
     0 | D:1      | Reached XP level 1. HP: 12/12 MP: 3/3
     0 | D:1      | 0 ||| qw: Version: 0.3-a-9-g12657ce
     0 | D:1      | 0 ||| qw: Game counter: 2802
     0 | D:1      | 0 ||| qw: Always use a shield: true
     0 | D:1      | 0 ||| qw: God list: Okawaru
     0 | D:1      | 0 ||| qw: Allow faded altars: false
     0 | D:1      | 0 ||| qw: Do Orc after D:15 true
     0 | D:1      | 0 ||| qw: Do second Lair branch before Depths: true
     0 | D:1      | 0 ||| qw: Lair rune preference: random
     0 | D:1      | 0 ||| qw: Plans: Normal
     0 | D:1      | 0 ||| PLANNING D:1-11
   109 | D:1      | Reached XP level 2. HP: 16/16 MP: 4/4
   117 | D:1      | Reached skill level 6 in Ranged Weapons
   539 | D:1      | Reached XP level 3. HP: 20/20 MP: 5/5
   594 | D:1      | 594 ||| UPGRADING to +0 cloak.
   599 | D:1      | 599 ||| UPGRADING to +0 ring mail.
   609 | D:1      | 609 ||| DROPPING +0 leather armour.
   610 | D:1      | 610 ||| DROPPING ring of magical power.
   611 | D:1      | 611 ||| READING 3 scrolls labelled IKLUVOOD BAUSK.
   612 | D:1      | 612 ||| READING scroll labelled ISUEGGYSIS.
   613 | D:1      | 613 ||| READING 2 scrolls of identify.
   613 | D:1      | 613 ||| IDENTIFYING murky brown potion
   614 | D:1      | 614 ||| DROPPING scroll of butterflies.
   834 | D:2      | Reached skill level 7 in Ranged Weapons
  1452 | D:2      | 1452 ||| DROPPING scarf of harm.
  1453 | D:2      | 1453 ||| READING 3 scrolls of identify.
  1453 | D:2      | 1453 ||| IDENTIFYING lumpy emerald potion
  1454 | D:2      | 1454 ||| READING 2 scrolls of identify.
  1454 | D:2      | 1454 ||| IDENTIFYING puce potion
  1455 | D:2      | 1455 ||| DROPPING potion of brilliance.
  1510 | D:3      | Reached XP level 4. HP: 20/25 MP: 6/6
  1516 | D:3      | 1516 ||| FLEEEEING.
  1571 | D:3      | 1571 ||| FLEEEEING.
  1572 | D:3      | 1572 ||| FLEEEEING.
  1573 | D:3      | 1573 ||| FLEEEEING.
  1574 | D:3      | 1574 ||| FLEEEEING.
  1575 | D:3      | 1575 ||| FLEEEEING.
  1576 | D:3      | 1576 ||| FLEEEEING.
  1577 | D:3      | 1577 ||| FLEEEEING.
  1660 | D:3      | Reached skill level 8 in Ranged Weapons
  1683 | D:3      | Reached XP level 5. HP: 14/29 MP: 7/7
  1731 | D:3      | 1731 ||| FLEEEEING.
  1734 | D:3      | 1734 ||| FLEEEEING.
  1735 | D:3      | 1735 ||| FLEEEEING.
  1736 | D:3      | 1736 ||| FLEEEEING.
  1737 | D:3      | 1737 ||| FLEEEEING.
  2278 | D:3      | 2278 ||| READING scroll labelled SULAPIT XOIBA.
  2279 | D:3      | 2279 ||| READING 2 scrolls labelled BAUHEMM RIGEOP.
  2280 | D:3      | 2280 ||| READING scroll of enchant armour.
  2280 | D:3      | 2280 ||| ENCHANTING +0 cloak.
  2281 | D:3      | 2281 ||| READING scroll labelled IFELUW SUNKIDO.
  2347 | D:4      | Reached skill level 9 in Ranged Weapons
  2431 | D:4      | 2431 ||| FLEEEEING.
  2434 | D:4      | 2434 ||| FLEEEEING.
  2435 | D:4      | 2435 ||| FLEEEEING.
  2436 | D:4      | 2436 ||| FLEEEEING.
  2437 | D:4      | 2437 ||| FLEEEEING.
  2438 | D:4      | 2438 ||| FLEEEEING.
  2439 | D:4      | 2439 ||| FLEEEEING.
  2440 | D:4      | 2440 ||| FLEEEEING.
  2441 | D:4      | 2441 ||| FLEEEEING.
  2442 | D:4      | 2442 ||| FLEEEEING.
  2443 | D:4      | 2443 ||| FLEEEEING.
  2444 | D:4      | 2444 ||| FLEEEEING.
  2445 | D:4      | 2445 ||| FLEEEEING.
  2505 | D:4      | Identified the +1 robe "Yned" {rElec Will+}
  2546 | D:4      | 2546 ||| SWAPPING to +0 arbalest.
  2547 | D:4      | 2547 ||| DROPPING +0 shortbow.
  2637 | D:4      | 2637 ||| Stepping ~*~*~tactically~*~*~ (outnumbered).
  2643 | D:4      | Reached XP level 6. HP: 35/35 MP: 8/8
  2848 | D:4      | Found a broken altar of Ashenzari.
  2881 | D:4      | Found a sacrificial altar of Ru.
  3008 | D:4      | 3008 ||| DROPPING +1 robe "Yned" {rElec Will+}.
  3009 | D:4      | 3009 ||| READING scroll labelled BUUXTA VEETZOI.
  3010 | D:4      | 3010 ||| READING scroll labelled ZIRCHU ZYPEOFA.
  3012 | D:4      | 3012 ||| Stepping ~*~*~tactically~*~*~ (cloud).
  3153 | D:5      | Entered Level 5 of the Dungeon
  3168 | D:5      | HP: 7/35 [ogre/+0 giant spiked club (28)]
  3170 | D:5      | HP: 2/35 [ogre/+0 giant spiked club (6)]
  3171 | D:5      | Mangled by an ogre

Levels and vault maps discovered:
D:1:      wander_arrival_desolate, layout_basic
D:2:      layout_loops_corners, minmay_tetromino_i2
D:3:      layout_loops_cross
D:4:      layout_gridville, mainiacjoe_overflow_two_lobes
D:5:      cheibrodos_thug_alley, layout_cave_pods, uniq_ijyb,
          uniq_prince_ribbit1

Skill      XL: |  1  2  3  4  5 |
---------------+----------------+-----
Ranged Weapons | 6 7 8 9 |  9.8
Fighting       | 2 |  2.1
Dodging        | |  2.4
Stealth        | |  1.2

Action                     |  1- 3 |  4- 6 || total
---------------------------+-------+-------++-------
   Fire: Shortbow          |   124 |   132 ||   256
         Arbalest          |       |    25 ||    25
    Use: Scroll            |     5 |     6 ||    11
 Armour: Leather armour    |     5 |       ||     5
         Ring mail         |     3 |    30 ||    33
  Dodge: Dodged            |    30 |    52 ||    82

Table legend:
 A = Non-vault XP
 B = Vault XP
 C = Vault XP percentage of total XP
 D = Non-vault monster count
 E = Vault monster count
 F = Vault count percentage of total count
                 A         B        C        D         E       F
            +---------+---------+-------+---------+---------+-------
      Total |     486 |       2 |   0.4 |      87 |       1 |   1.1
            +---------+---------+-------+---------+---------+-------
        D:1 |      41 |       0 |   0.0 |      25 |       0 |   0.0
        D:2 |      50 |       2 |   3.8 |      19 |       1 |   5.0
        D:3 |     156 |       0 |   0.0 |      25 |       0 |   0.0
        D:4 |     203 |       0 |   0.0 |      17 |       0 |   0.0
        D:5 |      36 |       0 |   0.0 |       1 |       0 |   0.0
            +---------+---------+-------+---------+---------+-------
